Map: Port Aleksander LE

Players

Wlegequ - Winner!

  • Race: Terran Terran
  • League: Silver
  • Spawn Location: 11:00

Odin

  • Race: Protoss Protoss
  • League: Gold
  • Spawn Location: 5:00

VOD

Have the link to the VOD?

Description

Time

  • Played on: Dec. 10, 2018, 11:43 p.m.
  • Length: 14:43
Show
View Real Time Build Order
Export as new Build Order

Wlegequ Terran - Winner!

Build Orders: Liberator Opening 

Get SALT Encoding   

  12  0:01  SCV  
  13  0:13  SCV  
  14  0:21  Supply Depot  
  14  0:25  SCV  
  15  0:43  SCV  
  15  0:44  Barracks  
  15  0:49  Refinery  
  16  0:55  SCV  
  17  0:58  Refinery  
  17  1:07  SCV  
  18  1:19  SCV  
  19  1:31  Supply Depot, Orbital Command  
  19  1:32  Barracks Reactor  
  19  1:51  Factory  
  19  1:58  SCV  
  20  2:09  Marine x2  
  22  2:15  SCV  
  22  2:20  Supply Depot  
  23  2:26  Marine  
  23  2:27  Marine  
  25  2:31  SCV  
  25  2:34  Factory Tech Lab  
  26  2:43  SCV  
  26  2:44  Starport  
  27  2:55  SCV, Siege Tank  
  31  2:59  Marine  
  31  3:00  Marine  
  33  3:06  Liberator  
  33  3:10  Supply Depot  
  33  3:12  SCV  
  36  3:28  Siege Tank  
  39  3:34  Marine x2  
  41  3:46  Supply Depot  
  41  3:57  SCV  
  42  4:06  Marine x2  
  42  4:07  Siege Tank  
  42  4:08  Medivac  
  49  4:10  SCV  
  49  4:14  Supply Depot  
  50  4:36  Marine x2  
  51  4:39  Liberator  
  51  4:55  Siege Tank  
  51  4:58  SCV  
  52  5:59  Command Center  
  47  6:14  Engineering Bay  
  47  6:34  SCV  
  48  6:46  SCV  
  49  6:53  Missile Turret  
  49  6:58  SCV  
  48  7:10  SCV  
  46  7:24  Missile Turret  
  46  7:25  SCV, Orbital Command  
  47  7:37  SCV  
  48  7:49  SCV  
  49  8:01  SCV  
  49  8:11  Marine  
  49  8:12  Marine  
  48  8:13  SCV, Siege Tank  
  48  8:14  SCV  
  53  8:26  SCV  
  54  8:36  Missile Turret  
  54  8:38  SCV  
  52  8:50  SCV  
  50  9:02  SCV  
  51  9:03  Missile Turret, Supply Depot  
  48  9:31  Orbital Command  
  48  9:39  SCV  
  48  9:44  Marine x2  
  51  9:46  Starport Reactor  
  51  9:47  Cyclone  
  51  9:51  SCV  
  55  9:59  SCV  
  56  10:02  Marine x2  
  56  10:04  SCV  
  56  10:06  Refinery  
  59  10:08  Refinery  
  59  10:11  SCV  
  60  10:15  Terran Infantry Weapons Level 1  
  60  10:16  SCV  
  60  10:19  Siege Tank, Engineering Bay  
  60  10:20  Marine x2  
  60  10:21  Missile Turret  
  66  10:23  SCV  
  66  10:25  Missile Turret  
  66  10:28  SCV  
  68  10:35  SCV  
  69  10:37  Marine  
  69  10:40  SCV  
  71  10:43  Marine  
  71  10:47  SCV  
  73  10:52  SCV, Siege Tank  
  73  10:55  Marine  
  78  10:59  Missile Turret  
  78  11:00  Missile Turret  
  78  11:04  Missile Turret  
  78  11:09  Supply Depot  
  78  11:14  Liberator, Terran Infantry Armor Level 1  
  78  11:16  Marine, Armory  
  78  11:17  SCV x2  
  81  11:18  Reaper  
  81  11:24  Siege Tank  
  85  11:29  SCV  
  85  11:31  SCV, Supply Depot  
  90  11:33  Supply Depot x2  
  90  11:35  Supply Depot  
  90  11:40  Command Center  
  90  11:43  SCV  
  91  11:52  SCV  
  91  11:53  Barracks  
  92  11:56  Siege Tank  
  95  12:04  SCV  
  95  12:05  Armory  
  96  12:09  Marine x2  
  98  12:21  Terran Vehicle Weapons Level 1  
  98  12:23  Terran Infantry Weapons Level 2  
  98  12:27  Marine  
  98  12:29  SCV, Siege Tank  
  103  12:30  Marine, Barracks  
  104  12:45  Marine  
  105  12:57  Barracks, Medivac x2  
  109  12:58  Barracks Tech Lab  
  109  13:01  Barracks  
  109  13:02  Siege Tank  
  112  13:17  Barracks  
  91  13:38  Marine  
  91  13:39  Marine  
  92  13:42  Siege Tank  
  92  13:43  Barracks Tech Lab  
  92  13:44  Medivac x2  
  92  13:47  Barracks Reactor  
  99  13:52  Marine  
  99  13:53  Marine  
  101  13:56  Marine x2  
  103  14:09  Marine x2  
  104  14:10  Marine x2  
  104  14:14  Marine x2  
  104  14:15  Orbital Command  
  109  14:18  Missile Turret  
  109  14:30  Command Center  
Show
View Real Time Build Order
Export as new Build Order

Odin Protoss 

Build Orders: Double Forge, Oracle Opening 

Get SALT Encoding   

  12  0:07  Probe  
  13  0:19  Probe, Pylon  
  14  0:34  Probe  
  14  0:35  Assimilator  
  15  0:45  Gateway  
  15  0:48  Probe  
  16  1:00  Probe  
  17  1:06  Pylon  
  17  1:12  Probe  
  18  1:24  Probe  
  19  1:34  Cybernetics Core  
  19  1:36  Probe  
  20  1:40  Gateway  
  20  1:47  Assimilator  
  20  1:48  Probe  
  21  2:01  Probe  
  22  2:10  Warp Gate  
  22  2:13  Probe  
  23  2:25  Probe  
  23  2:27  Adept x2  
  28  2:37  Stargate, Probe  
  29  2:49  Probe  
  30  3:01  Probe  
  30  3:02  Pylon  
  31  3:11  Shield Battery  
  31  3:20  Adept x2  
  31  3:25  Oracle  
  38  3:38  Nexus  
  38  3:44  Pylon  
  38  4:03  Shield Battery  
  38  4:17  Oracle  
  41  4:18  Stalker  
  41  4:19  Stalker  
  45  4:26  Pylon  
  45  4:33  Forge  
  45  4:34  Forge  
  45  4:44  Stalker x2  
  47  5:14  Probe  
  47  5:16  Stalker x2  
  47  5:19  Probe  
  53  5:49  Stalker  
  55  5:50  Stalker  
  55  5:52  Oracle  
  55  5:56  Photon Cannon  
  60  5:57  Photon Cannon  
  53  6:20  Robotics Facility  
  53  6:29  Phoenix, Shield Battery  
  53  6:31  Shield Battery  
  51  6:41  Stalker x2  
  49  7:07  Pylon  
  49  7:08  Pylon  
  47  7:26  Void Ray  
  47  7:29  Warp Prism  
  53  7:34  Protoss Ground Weapons Level 1, Protoss Ground Armor Level 1  
  53  7:46  Stalker x2  
  53  8:37  Shield Battery  
  53  8:38  Shield Battery  
  45  9:07  Pylon  
  45  9:08  Pylon  
  45  9:25  Pylon x2  
  45  9:26  Void Ray  
  47  9:54  Nexus  
  47  9:57  Assimilator  
  47  9:59  Assimilator  
  47  10:04  Gateway  
  47  10:56  Pylon  
  47  10:59  Pylon  
  47  11:00  Probe  
  47  11:03  Void Ray  
  52  11:12  Probe  
  53  11:19  Probe  
  53  11:24  Probe  
  55  11:26  Twilight Council  
  55  11:31  Probe  
  56  11:44  Probe x2  
  58  11:56  Robotics Bay  
  58  11:58  Gateway  
  58  12:02  Robotics Bay  
  58  12:04  Gateway  
  58  12:05  Charge  
  58  12:07  Zealot  
  60  12:15  Void Ray  
  64  12:36  Probe x2  
  66  12:42  Immortal  
  70  12:48  Extended Thermal Lance  
  70  12:57  Stalker x2  
  74  13:14  Templar Archives  
  62  13:21  Colossus  
  50  13:29  Void Ray  
  44  14:08  Stalker x2  
  44  14:09  Stalker  
Tags
 
Add a new tag
Caveats
  • Supply blocks, unpowered buildings, or Contaminate may cause inaccurate times.
  • Supply counts are checked every 10 seconds.